 Dungeon Crawl Stone Soup version 0.31.0-11-ge490571c62 (webtiles) character file.

Game seed: 18093876358744108969

5922 hikkokomori the Fighter (level 10, -6/94 HPs)
             Began as a Minotaur Berserker on Feb 3, 2024.
             Was a High Priest of Trog.
             Mangled by a freezing wraith (8 damage)
             ... on level 10 of the Dungeon.
             The game lasted 00:14:44 (8055 turns).

hikkokomori the Fighter (Minotaur Berserker)        Turns: 8055, Time: 00:14:44

Health: -6/94      AC: 18    Str: 23    XL:     10   Next: 53%
Magic:  9/9        EV:  6    Int:  4    God:    Trog [*****.]
Gold:   28         SH: 11    Dex: 13    Spells: 9/9 levels left

rFire   . . .        v - +0 flail (drain)
rCold   + . .        s - +0 kite shield
rNeg    . . .        d - +0 plate armour
rPois   .            F - +0 hat
rElec   .            (no cloak)
rCorr   .            n - +0 pair of gloves
SInv    .            y - +0 pair of boots
Will    .....        (no amulet) Stlth
                     q - ring of protection from cold
HPRegen 0.35/turn    x - +4 ring of protection
MPRegen 0.11/turn

%: no passive effects
@: about to teleport, on berserk cooldown, hasted and slowed
A: horns 2, retaliatory headbutt
a: Renounce Religion, Berserk, Trog's Hand, Brothers in Arms


You were on level 10 of the Dungeon.
You worshipped Trog.
Trog was extremely pleased with you.
You visited 1 branch of the dungeon, and saw 10 of its levels.

You collected 28 gold pieces.

Inventory:

Hand Weapons
 a - a +0 hand axe
 u - a +0 halberd of freezing
 v - a +0 flail of draining (weapon)
 E - a +3 spear of flaming
 I - a +0 whip of draining
 O - the +1 great mace "Elyneem" {heavy, rElec}
   (You took it off a wight on level 9 of the Dungeon)

   rElec:     It insulates you from electricity.
Missiles
 o - 27 poisoned darts (quivered)
 M - 5 silver javelins
Armour
 b - a +0 animal skin
 d - a +0 plate armour (worn)
 n - a +0 pair of gloves (worn)
 s - a +0 kite shield (worn)
 y - a +0 pair of boots (worn)
 C - a +2 robe of willpower
 F - a +0 hat (worn)
 L - +0 steam dragon scales
Jewellery
 q - a ring of protection from cold (left hand)
 x - a +4 ring of protection (right hand)
 z - a ring of flight
 B - a ring of protection from fire
 G - a ring of flight
Wands
 f - a wand of light (8)
 k - a wand of flame (21)
 t - a wand of roots (12)
 H - a wand of charming (13)
Scrolls
 c - 4 scrolls of teleportation
 e - 2 scrolls of amnesia
 i - 2 scrolls of revelation
 m - 3 scrolls of noise
 r - 2 scrolls of vulnerability
 A - a scroll of immolation
 J - a scroll of butterflies
Potions
 g - a potion of heal wounds
 h - 5 potions of ambrosia
 j - 3 potions of attraction
 l - a potion of haste
 p - 2 potions of curing
 w - a potion of might
 D - 5 potions of degeneration
 K - a potion of resistance {unknown}
 N - a potion of mutation {unknown}


   Skills:
 + Level 10.5 Fighting
 - Level 5.9(8.0) Axes
 + Level 8.4(9.3) Maces & Flails
 - Level 4.1 Throwing
 - Level 4.0 Armour
 - Level 2.1 Dodging
 + Level 9.0 Shields
 + Level 5.4 Evocations


You had 9 spell levels left.
You didn't know any spells.
Your spell library was empty.

Dungeon Overview and Level Annotations

Branches:
Dungeon (10/15)            Temple (0/1) D:4            Lair (0/5) D:10
    Orc: D:9-12

Altars:
Elyvilon
Fedhas
Gozag
Kikubaaqudgha
Makhleb
Ru
Sif Muna
Vehumet
Xom
Yredelemnul
The Shining One

Annotations:
D:9 Maurice


Innate Abilities, Weirdness & Mutations

You have a pair of horns on your head.
You reflexively headbutt those who attack you in melee.


Message History

The catoblepas breathes a plume of calcifying dust at you.
The blast of calcifying dust hits you but does no damage.
The freezing wraith hits you but does no damage. x2
You turn to flesh and can move again.
Unknown command.
Unknown command.
Unknown command.
Unknown command.
Unknown command.
Unknown command.
Okay, then.
You feel yourself speed up.
You are engulfed in calcifying dust.
The catoblepas gores you!
* * * LOW HITPOINT WARNING * * *
The freezing wraith hits you but does no damage.
The freezing wraith hits you.
* * * LOW HITPOINT WARNING * * *
The catoblepas gores you but does no damage.
Unknown command.
Unknown command.
As you read the scroll of teleportation, it crumbles to dust.
You feel strangely unstable.
You block the freezing wraith's attack. x2
The catoblepas gores you.
* * * LOW HITPOINT WARNING * * *
Unknown command.
Unknown command.
Unknown command.
Unknown command.
The freezing wraith attacks as it pursues you!
The freezing wraith hits you but does no damage.
You block the freezing wraith's attack.
The catoblepas breathes a plume of calcifying dust at you.
The blast of calcifying dust hits the freezing wraith.
The blast of calcifying dust hits you.
* * * LOW HITPOINT WARNING * * *
The freezing wraith attacks as it pursues you!
The freezing wraith hits you.
* * * LOW HITPOINT WARNING * * *
The freezing wraith freezes you! You resist.
You die... cSH #.# QpJ

#.# u. #.# ###W## #)# ...... #)#
#.c#.# #.#
....J###############.############
#....Y...p$..Y.....§.............
#.............§W@................
#.............J.§§...........####
#.................§§.........#
#...................§........#
#............................#
#............................#
#....................>.......#
#............................####
#............ ...............


You could see a catoblepas, a slime creature, a freezing wraith and an arcanist
(petrified).

Vanquished Creatures
  A meliai (D:10)
  3 wraiths (D:10)
  A wyvern (D:9)
  3 yaks (D:9)
  3 vampire mosquitoes (D:10)
  A steam dragon (D:8)
  2 water moccasins
  3 black bears
  An orc warrior (D:7)
  2 sky beasts (D:6)
  2 ogres
  3 centaurs
  2 phantoms (D:5)
  3 kobold brigands
  2 bullfrogs
  3 scorpions
  15 wights
  A burial acolyte (D:7)
  3 killer bees (D:9)
  4 howler monkeys
  2 bombardier beetles
  A quasit (D:7)
  3 hounds (D:6)
  2 orc priests
  2 gnoll boudas
  An iguana (D:6)
  2 sleepcaps (D:6)
  15 orc wizards
  12 gnolls
  15 adders
  4 white imps
  4 ufetubi
  A dart slug (D:1)
  2 ribbon worms (D:2)
  34 orcs
  9 endoplasms
  A giant cockroach (D:3)
  5 goblins
  5 hobgoblins
  2 jackals (D:4)
  3 quokkas
  8 ball pythons
  6 bats
  4 frilled lizards
  2 jackal zombies (D:7)
  11 kobolds
  7 rats
221 creatures vanquished.

Vanquished Creatures (others)
  An adder zombie (D:7)
1 creature vanquished.

Grand Total: 222 creatures vanquished

Notes
Turn   | Place    | Note
-------+----------+-------------------------------------------
     0 | D:1      | hikkokomori the Minotaur Berserker began the quest for the
                  | Orb.
     0 | D:1      | Reached XP level 1. HP: 19/19 MP: 0/0
   143 | D:1      | Reached XP level 2. HP: 27/27 MP: 1/1
   160 | D:1      | Reached skill level 4 in Fighting
   272 | D:1      | You fall into a shaft and drop 1 floor!
   287 | D:2      | Reached ** piety under Trog
   288 | D:2      | Reached XP level 3. HP: 31/33 MP: 2/2
   404 | D:2      | Reached XP level 4. HP: 12/41 MP: 3/3
  1137 | D:2      | Reached skill level 5 in Fighting
  1246 | D:3      | Found a shimmering blue altar of Sif Muna.
  1571 | D:3      | Reached XP level 5. HP: 47/48 MP: 4/4
  2014 | D:3      | Reached skill level 5 in Axes
  2088 | D:3      | Found a white marble altar of Elyvilon.
  2127 | D:3      | Found an opulent altar of Gozag.
  2328 | D:4      | Reached skill level 1 in Throwing
  2328 | D:4      | Reached skill level 1 in Shields
  2481 | D:4      | Reached XP level 6. HP: 50/56 MP: 5/5
  2488 | D:4      | Reached *** piety under Trog
  2627 | D:4      | Found a sacrificial altar of Ru.
  2746 | D:4      | Found a staircase to the Ecumenical Temple.
  2755 | D:4      | Found a glowing golden altar of the Shining One.
  2983 | D:5      | Entered Level 5 of the Dungeon
  3177 | D:5      | Reached skill level 6 in Fighting
  3177 | D:5      | Reached skill level 1 in Maces & Flails
  3177 | D:5      | Reached XP level 7. HP: 50/63 MP: 6/6
  3308 | D:5      | Found a basalt altar of Yredelemnul.
  3677 | D:6      | Reached XP level 8. HP: 68/71 MP: 7/7
  3710 | D:6      | Reached skill level 7 in Fighting
  3948 | D:6      | Reached skill level 5 in Shields
  4255 | D:7      | Reached skill level 1 in Evocations
  4457 | D:6      | Reached skill level 5 in Maces & Flails
  4459 | D:6      | Reached skill level 8 in Fighting
  4583 | D:7      | Reached XP level 9. HP: 81/81 MP: 8/8
  4598 | D:7      | Reached **** piety under Trog
  4685 | D:7      | Found a radiant altar of Vehumet.
  5114 | D:7      | Found a shimmering altar of Xom.
  5198 | D:7      | Found an ancient bone altar of Kikubaaqudgha.
  5519 | D:8      | Found a burning altar of Makhleb.
  5519 | D:8      | Noticed a green death
  5522 | D:8      | Noticed a hellwing
  5737 | D:8      | Reached skill level 9 in Fighting
  6268 | D:9      | Found a blossoming altar of Fedhas.
  6606 | D:9      | Reached XP level 10. HP: 68/90 MP: 9/9
  6660 | D:9      | Identified the +1 great mace "Elyneem" {heavy, rElec}
  6772 | D:9      | Reached ***** piety under Trog
  6795 | D:9      | Noticed Maurice
  6804 | D:9      | Maurice stole a ring of ice
  6810 | D:9      | Something stole a +4 battleaxe
  6817 | D:9      | Something stole 418 gold
  6817 | D:9      | Something stole 51 gold
  7090 | D:10     | Entered Level 10 of the Dungeon
  7340 | D:10     | Reached skill level 10 in Fighting
  7513 | D:10     | Reached skill level 5 in Evocations
  7832 | D:10     | Found a staircase to the Lair.
  8026 | D:10     | Noticed a meliai
  8028 | D:10     | Noticed a tengu warrior
  8028 | D:10     | Noticed a brown ugly thing
  8028 | D:10     | Noticed an arcanist
  8028 | D:10     | Noticed a catoblepas
  8028 | D:10     | Noticed a manticore
  8028 | D:10     | Noticed a centaur warrior
  8028 | D:10     | Noticed a black mamba
  8033 | D:10     | Killed a meliai
  8055 | D:10     | HP: 2/94 [freezing wraith (6)]
  8055 | D:10     | Mangled by a freezing wraith

Illustrated notes

Levels and vault maps discovered:
D:1:      minmay_arrival_arboretum_small, layout_basic
D:2:      layout_basic
D:3:      minmay_skewed_foursquare, layout_loops_corners, lemuel_crystal_altar,
          mainiacjoe_overflow_big_doors
D:4:      layout_cave_pools, mainiacjoe_overflow_alcove_1,
          mainiacjoe_overflow_paths, temple_doors_e
D:5:      layout_rooms, mainiacjoe_overflow_concentric_impassable,
          nicolae_twisty_statue_hallways
D:6:      layout_cave_pools
D:7:      layout_rooms, marbit_many_paths, fiery_altar_vehumet,
          lemuel_zombie_altar_kikubaaqudgha, serial_demonic, serial_demonic_b,
          serial_demonic_c, serial_demonic_f, serial_demonic_b,
          serial_demonic_c, serial_demonic_g, dk_noncrumbling_2
D:8:      layout_basic, makhleb_altar_promises_db
D:9:      layout_rooms, fedhas_altar_2, uniq_maurice
D:10:     layout_long_grid, lair_entry_dummy, blue_anna_alchemist, minivault_28

Skill      XL: |  1  2  3  4  5  6  7  8  9 10 |
---------------+-------------------------------+-----
Fighting       | 4 5 6 8 9 10 | 10.5
Axes           | 4 5 |  5.9
Armour         | 3 4 |  4.0
Throwing       | 1 2 3 4 |  4.1
Shields        | 1 3 4 6 7 9 |  9.0
Maces & Flails | 1 3 5 7 8 |  8.4
Evocations     | 2 4 5 |  5.4
Dodging        | |  2.1

Action                     |  1- 3 |  4- 6 |  7- 9 | 10-12 || total
---------------------------+-------+-------+-------+-------++-------
  Melee: Hand axe          |    78 |   129 |       |       ||   207
         Headbutt          |    12 |    30 |    64 |    29 ||   135
         Punch             |       |     1 |       |       ||     1
         Flail             |       |    22 |   346 |   137 ||   505
  Throw: Dart              |       |       |     3 |     8 ||    11
         Javelin           |       |       |       |     1 ||     1
 Invoke: Berserk           |       |       |     4 |     2 ||     6
         Trog's Hand       |       |       |       |     1 ||     1
  Evoke: Wand              |       |     3 |       |       ||     3
    Use: Scroll            |       |    11 |     3 |     2 ||    16
         Potion            |       |       |       |     1 ||     1
   Stab: Sleeping          |     2 |       |       |       ||     2
 Armour: Plate armour      |    66 |   119 |   430 |   175 ||   790
         Animal skin       |     7 |       |       |       ||     7
  Dodge: Dodged            |    23 |    30 |   102 |    23 ||   178
  Block: Kite shield       |       |    25 |   225 |    59 ||   309
